 Dungeon Crawl Stone Soup version 0.26.0-10-g1f06aea511 (webtiles) character file.

Game seed: 15793700361856356871

3681 mopl the Vexing (level 9, -1/57 HPs)
             Began as a Demonspawn Enchanter on Jan 21, 2021.
             Was a Follower of Dithmenos.
             Slain by a centaur warrior (10 damage)
             ... on level 8 of the Dungeon.
             The game lasted 00:18:03 (11159 turns).

mopl the Vexing (Demonspawn Enchanter)             Turns: 11159, Time: 00:18:06

Health: -1/57      AC:  5    Str:  9    XL:     9   Next: 90%
Magic:  17/17      EV: 12    Int: 18    God:    Dithmenos [*.....]
Gold:   110        SH:  0    Dex: 15    Spells: 7/19 levels left

rFire    + + .     SeeInvis .   a - +1 dagger (venom)
rCold    + . .     Faith    .   (no shield)
rNeg     . . .     Spirit   .   j - +0 robe
rPois    .         Reflect  .   (helmet restricted)
rElec    .         Harm     .   w - +0 cloak
rCorr    .         Rampage  .   (no gloves)
Will     .....                  (no boots)
Stlth    ++++......             T - amulet of regeneration
HPRegen  0.59/turn              A - ring of protection from fire
MPRegen  0.15/turn              G - ring of protection from cold

@: wreathed by umbra
A: horns 1, iridescent scales 1, fire resistance 1, powered by pain 1
a: Renounce Religion


You were on level 8 of the Dungeon.
You worshipped Dithmenos.
Dithmenos was aware of your devotion.
You visited 2 branches of the dungeon, and saw 9 of its levels.

You collected 518 gold pieces.
You spent 408 gold pieces at shops.

Inventory:

Hand Weapons
 a - a +1 dagger of venom (weapon)
 N - a +2 hand axe of flaming
Missiles
 b - 50 sling bullets
 d - 211 stones
 h - 32 poisoned darts (quivered)
 t - 18 boomerangs
 E - a throwing net
 L - 7 boomerangs of dispersal
Armour
 j - a +0 robe (worn)
 u - a +0 tower shield
 w - a +0 cloak (worn)
 I - a +0 kite shield
Jewellery
 A - a ring of protection from fire (left hand)
 G - a ring of protection from cold (right hand)
 T - an amulet of regeneration (around neck)
Wands
 v - a wand of flame (32)
 y - a wand of polymorph (8)
 F - a wand of paralysis (5)
 J - a wand of disintegration (6)
Scrolls
 e - 3 scrolls of magic mapping {unknown}
 g - a scroll of random uselessness {unknown}
 k - 2 scrolls of fear {unknown}
 m - 2 scrolls of remove curse
 n - a scroll of noise {unknown}
 q - 2 scrolls of teleportation {unknown}
 r - a scroll of enchant weapon {unknown}
 D - 3 scrolls of enchant armour {unknown}
 O - a scroll of silence {unknown}
 P - a scroll of vulnerability {unknown}
 Q - a scroll of immolation {unknown}
Potions
 c - a potion of cancellation
 f - a potion of mutation {!q}
 i - a potion of flight
 l - a potion of lignification {!q}
 o - 6 potions of curing
 p - 2 potions of attraction
 s - 3 potions of haste
 x - 3 potions of brilliance
 z - a potion of heal wounds
 B - 2 potions of might
 C - 2 potions of berserk rage {!q}
 H - 2 potions of magic {unknown}
 K - 2 potions of resistance
Miscellaneous
 R - a phantom mirror


   Skills:
 + Level 5.2 Short Blades
 - Level 1.7 Dodging
 + Level 6.3 Stealth
 + Level 5.6 Spellcasting
 + Level 3.6 Conjurations
 + Level 6.5 Hexes
 - Level 5.0 Ice Magic
 + Level 6.0 Invocations


You had 7 spell levels left.
You knew the following spells:

 Your Spells              Type           Power        Failure   Level
a - Corona                Hex            31%          1%          1
b - Ensorcelled Hibernat  Hex/Ice        50%          1%          2
c - Confusing Touch       Hex            28%          2%          3
d - Tukima's Dance        Hex            28%          2%          3
g - Dazzling Flash        Conj/Hex       46%          4%          3

Your spell library contained the following spells:

 Spells                   Type           Power        Failure   Level
 Magic Dart               Conj           72%          2%          1
 Searing Ray              Conj           36%          4%          2
 Fulminant Prism          Conj/Hex       11%          16%         4
 Metabolic Englaciation   Hex/Ice        12%          32%         5
 Gell's Gravitas          Tloc           2%           36%         3
 Ignite Poison            Fire/Tmut/Pois 5%           36%         3
 Iskenderun's Mystic Bla  Conj/Tloc      11%          52%         4
 Iskenderun's Battlesphe  Conj           18%          61%         5
 Yara's Violent Unravell  Hex/Tmut       8%           67%         5
 Petrify                  Tmut/Erth      5%           77%         4
 Fireball                 Conj/Fire      5%           86%         5
 Bolt of Magma            Conj/Fire/Erth 4%           91%         5
 Iron Shot                Conj/Erth      5%           100%        6
 Starburst                Conj/Fire      5%           100%        6
 Orb of Destruction       Conj           9%           100%        7
 Spellforged Servitor     Conj/Summ      5%           100%        7
 Ignition                 Fire           2%           100%        8


Dungeon Overview and Level Annotations

Branches:
Dungeon (8/15)             Temple (1/1) D:6
   Lair: D:8-11

Altars:
Ashenzari
Cheibriados
Dithmenos
Elyvilon
Fedhas
Gozag
Hepliaklqana
Kikubaaqudgha
Makhleb
Nemelex Xobeh
Okawaru
Qazlal
Ru
Sif Muna
Trog
Uskayaw
Vehumet
Wu Jian
Xom
Yredelemnul
Zin
The Shining One

Shops:
D:6 !

Annotations:
D:7 3 runed translucent doors, DanlarScott's ghost, novice DrTm
D:8 1 runed translucent door, mopl's ghost, novice DsEn


Innate Abilities, Weirdness & Mutations

You have a pair of small horns on your head.
You are partially covered in iridescent scales. (AC +2)
Your flesh is heat resistant. (rF+)
You sometimes gain a little power by taking damage.


Message History

The centaur warrior hits you but does no damage.
The centaur warrior wields a +0 shortbow.
The centaur warrior shoots an arrow.
The arrow hits you but does no damage.
You see here an arrow.
The centaur warrior shoots an arrow.
The arrow hits you!
You see here an arrow.
The centaur warrior shoots an arrow.
The arrow hits you!
* * * LOW HITPOINT WARNING * * *
You focus on the pain.
You feel your power returning.
You see here an arrow.
Unknown command.
Okay, then.
Evoke which item? (* to show all) (? for menu, Esc to quit)
Aiming: Disintegrate
Press: ? - help, Shift-Dir - straight line, f/p - centaur warrior
Aim: a centaur warrior, wielding a +0 shortbow and quivering 11 arrows (severely wounded, very poisoned, umbra, chance to affect: 48%)
The centaur warrior resists with some effort.
The centaur warrior unwields a +0 shortbow.
The centaur warrior hits you!
You die...

#.###'#####+#####'##
#.#...#[# #(.## ##.#
#)#.#.#.###.#.###.#.
#)'.#)#.'.....'#.###
#.#.#.#.#.#(###.## #
#..#.....##()# ##.##
#..###'#####)#####'##
...##.##.#..†..#..#..
##..#@##c###.)).#..#..
#..+c#.#(+.[#..+.....
#..##.##(#....##..#..
#.##(##|....#..#..
###'#####+#####'##
#c.####.####...#
.##.#.8.8.#.###. ##
.+.....'#...#
#.8.8.#.###.


You could see a centaur warrior (very poisoned).

Vanquished Creatures
  A centaur warrior (D:8)
  2 sky beasts
  2 orc warriors
  An ice beast (D:7)
  2 ogres
  3 centaurs (D:8)
  2 big kobolds
  5 bullfrogs
  A scorpion (D:4)
  A bullfrog zombie (D:3)
  A crimson imp (D:6)
  A quasit (D:8)
  A centaur zombie (D:7)
  2 orc priests
  A bullfrog skeleton (D:7)
  Crazy Yiuf (D:7)
  Terence (D:3)
  2 worker ants
  2 iguanas
  2 hound skeletons (D:6)
  A worker ant zombie (D:7)
  6 gnolls
  12 adders
  A shadow imp (D:8)
  An ufetubus (D:8)
  2 oozes
  2 adder zombies
  An adder skeleton (D:5)
  A worm (D:3)
  3 dart slugs (D:1)
  5 leopard geckos
  24 orcs
  3 ball pythons
  2 giant cockroaches (D:1)
  4 goblins
  4 hobgoblins
  15 jackals
  3 quokkas
  A ball python skeleton (D:4)
  8 bats
  6 frilled lizards
  12 kobolds
  A leopard gecko skeleton (D:7)
  A leopard gecko zombie (D:6)
  2 quokka skeletons
  A quokka zombie (D:6)
  6 rats
162 creatures vanquished.

Vanquished Creatures (collateral kills)
  A two-headed ogre (D:8)
  Ijyb (D:4)
  2 gnolls (D:4)
4 creatures vanquished.

Vanquished Creatures (others)
  A two-headed ogre (D:8)
  A vampire mosquito (D:8)
  3 dancing weapons
5 creatures vanquished.

Grand Total: 171 creatures vanquished

Notes
Turn   | Place    | Note
-------+----------+-------------------------------------------
     0 | D:1      | mopl the Demonspawn Enchanter began the quest for the Orb.
     0 | D:1      | Reached XP level 1. HP: 13/13 MP: 3/3
    97 | D:1      | Reached skill level 1 in Short Blades
   483 | D:1      | Gained mutation: You sometimes gain a little power by
                  | taking damage. [demonic ancestry]
   483 | D:1      | Reached XP level 2. HP: 19/19 MP: 3/5
   486 | D:1      | Learned a level 2 spell: Ensorcelled Hibernation
   558 | D:1      | Reached skill level 3 in Stealth
  1229 | D:2      | Reached XP level 3. HP: 21/24 MP: 3/6
  1760 | D:2      | Found a shimmering altar of Xom.
  1870 | D:2      | Reached skill level 1 in Ice Magic
  2176 | D:2      | Gained mutation: Your flesh is heat resistant. (rF+)
                  | [demonic ancestry]
  2176 | D:2      | Reached XP level 4. HP: 30/30 MP: 4/7
  2765 | D:2      | Found a blossoming altar of Fedhas.
  3059 | D:3      | Learned a level 3 spell: Tukima's Dance
  3099 | D:3      | Noticed Terence
  3114 | D:3      | Killed Terence
  3115 | D:3      | Reached skill level 2 in Short Blades
  3272 | D:3      | Reached XP level 5. HP: 29/35 MP: 9/9
  3276 | D:3      | Learned a level 3 spell: Confusing Touch
  4209 | D:3      | Found an opulent altar of Gozag.
  4390 | D:3      | Reached skill level 3 in Spellcasting
  4558 | D:4      | Found an iron altar of Okawaru.
  4803 | D:4      | Reached skill level 4 in Hexes
  4803 | D:4      | Reached skill level 2 in Ice Magic
  4889 | D:4      | Found an ornate altar of the Wu Jian Council.
  5016 | D:4      | Gained mutation: You are partially covered in iridescent
                  | scales. (AC +2) [demonic ancestry]
  5016 | D:4      | Reached XP level 6. HP: 41/41 MP: 7/10
  5091 | D:4      | Noticed Ijyb
  5107 | D:4      | Killed Ijyb
  5343 | D:3      | Found a broken altar of Ashenzari.
  5359 | D:5      | Entered Level 5 of the Dungeon
  5459 | D:5      | Reached skill level 4 in Stealth
  6282 | D:5      | Noticed a sky beast
  6292 | D:5      | Killed a sky beast
  6293 | D:5      | Reached skill level 3 in Short Blades
  6293 | D:5      | Reached XP level 7. HP: 29/46 MP: 9/12
  6592 | D:6      | Found a staircase to the Ecumenical Temple.
  6615 | Temple   | Entered the Ecumenical Temple
  6823 | Temple   | Became a worshipper of Dithmenos the Shadowed
  7328 | D:6      | Reached skill level 1 in Invocations
  7407 | D:6      | Found a bloodstained altar of Trog.
  7503 | D:6      | Found Utillac's Distillery.
  7512 | D:6      | Bought a potion of resistance for 120 gold pieces
  7512 | D:6      | Bought a potion of invisibility for 96 gold pieces
  7512 | D:6      | Bought a potion of curing for 36 gold pieces
  7512 | D:6      | Bought a potion of curing for 36 gold pieces
  7512 | D:6      | Bought a potion of haste for 120 gold pieces
  7545 | D:6      | Found a radiant altar of Vehumet.
  7545 | D:6      | Found a burning altar of Makhleb.
  7856 | D:6      | Reached skill level 3 in Ice Magic
  7856 | D:6      | Reached skill level 2 in Invocations
  8184 | D:7      | Reached skill level 4 in Spellcasting
  8408 | D:7      | Reached skill level 5 in Hexes
  8408 | D:7      | Gained mutation: You have a pair of small horns on your
                  | head. [demonic ancestry]
  8408 | D:7      | Reached XP level 8. HP: 22/52 MP: 2/14
  8593 | D:7      | Found a runed translucent gate.
  8593 | D:7      | Found a runed translucent gate.
  8593 | D:7      | Found a runed translucent gate.
  8905 | D:7      | Noticed DanlarScott's ghost (novice DrTm)
  8958 | D:7      | Reached skill level 3 in Invocations
  9031 | D:7      | Learned a level 3 spell: Dazzling Flash
  9059 | D:7      | Found an ancient bone altar of Kikubaaqudgha.
  9059 | D:7      | Found a stormy altar of Qazlal.
  9065 | D:7      | Reached skill level 5 in Stealth
  9211 | D:7      | Found a runed translucent door.
  9212 | D:7      | Noticed Crazy Yiuf
  9221 | D:7      | Killed Crazy Yiuf
  9496 | D:7      | Reached skill level 4 in Short Blades
 10022 | D:7      | Reached * piety under Dithmenos
 10023 | D:7      | Reached skill level 1 in Conjurations
 10499 | D:8      | Reached skill level 4 in Invocations
 10503 | D:8      | Reached skill level 4 in Ice Magic
 10720 | D:8      | Found a runed translucent door.
 10720 | D:8      | Noticed mopl's ghost (novice DsEn)
 10893 | D:8      | Noticed a centaur warrior
 10897 | D:8      | Noticed a two-headed ogre
 10905 | D:8      | Reached skill level 2 in Conjurations
 10905 | D:8      | Reached XP level 9. HP: 30/57 MP: 14/16
 10911 | D:8      | Killed a two-headed ogre
 10912 | D:8      | Reached skill level 5 in Spellcasting
 10914 | D:8      | Killed a centaur warrior
 10915 | D:8      | Reached skill level 3 in Conjurations
 10915 | D:8      | Reached skill level 6 in Hexes
 10915 | D:8      | Reached skill level 5 in Invocations
 10917 | D:8      | Reached skill level 6 in Stealth
 11059 | D:8      | Reached skill level 5 in Short Blades
 11066 | D:8      | Noticed a two-headed ogre
 11075 | D:8      | Killed a two-headed ogre
 11076 | D:8      | Reached skill level 5 in Ice Magic
 11131 | D:8      | Reached skill level 6 in Invocations
 11141 | D:8      | Noticed a centaur warrior
 11159 | D:8      | Slain by a centaur warrior

Illustrated notes

Levels and vault maps discovered:
D:1:      dpeg_arrival_water_fire, layout_basic
D:2:      layout_loops_cross, xom_teletrap_fun, marbit_many_paths,
          minmay_circled_x
D:3:      layout_loops_corners, nicolae_overflow_hidden_temple,
          nicolae_gozag_cash_rules_everything_around_me, uniq_terence
D:4:      layout_basic, nzn_wu_jian_council_hall, okawaru_trees_1, uniq_ijyb
D:5:      layout_basic, grunt_ministairs_9, grunt_decor_junction
D:6:      layout_gridville, grunt_temple_overflow_lords_of_destruction,
          temple_fountains, serial_shops, shop_fountains, kennysheep_cross_room,
          bloody_trog
D:7:      layout_loops_cross, amethyst_overflow_temple_binary,
          gammafunk_ghost_necromancy, uniq_crazy_yiuf_cottage
D:8:      minmay_the_grid_square_5x5_3x3 [minmay_the_grid_square_5x5_minimal,
          minmay_the_grid_square_5x5_hourglass, minmay_the_grid_square_5x5_six,
          minmay_the_grid_square_5x5_bridge,
          minmay_the_grid_square_5x5_megaprize_crossed,
          minmay_the_grid_square_5x5_n_small,
          minmay_the_grid_square_5x5_eight_small,
          minmay_the_grid_square_5x5_fancy_junction,
          minmay_the_grid_square_5x5_spiral_small], layout_basic,
          hellmonk_ghost_happy_afterlife, hangedman_misty_isle
Temple:   nicolae_temple_figure_eight

Skill      XL: |  1  2  3  4  5  6  7  8  9 |
---------------+----------------------------+-----
Short Blades   | 1 2 3 4 5 |  5.2
Stealth        | 3 4 5 6 |  6.3
Ice Magic      | 1 2 3 4 5 |  5.0
Spellcasting   | 3 4 5 |  5.6
Hexes          | 4 5 6 |  6.5
Invocations    | 2 4 6 |  6.0
Conjurations   | 2 3 |  3.6
Dodging        | |  1.7

Action                   |  1- 3 |  4- 6 |  7- 9 || total
-------------------------+-------+-------+-------++-------
Melee: Dagger            |    59 |   234 |   386 ||   679
       Unarmed           |       |     4 |       ||     4
       Headbutt          |       |       |    30 ||    30
 Cast: Corona            |     3 |     1 |       ||     4
       Ensorcelled Hiber |    17 |    29 |    31 ||    77
       Tukima's Dance    |       |     7 |     5 ||    12
       Confusing Touch   |       |       |     8 ||     8
Evoke: Wand              |       |     1 |     3 ||     4
  Use: Potion            |       |     1 |     2 ||     3
       Scroll            |       |     8 |     3 ||    11
 Stab: Sleeping          |    21 |    23 |    24 ||    68
       Confused          |       |       |     6 ||     6
       Invisible         |       |       |     3 ||     3
Armor: Robe              |    32 |    38 |    98 ||   168
       Skin              |       |     5 |       ||     5
Dodge: Dodged            |    66 |   131 |   230 ||   427
